 Dungeon Crawl Stone Soup version 0.25-a0-1133-g93ebf739aa (webtiles) character file.

Game seed: 5910762515557246393, levelgen mode: deterministic

13666 gruber the Thaumaturge (level 11, -1/86 HPs)
             Began as a Red Draconian Transmuter on May 22, 2020.
             Was an Initiate of Gozag.
             Slain by a sun demon (16 damage)
             ... summoned by a kobold demonologist
             ... on level 12 of the Dungeon.
             The game lasted 00:22:35 (18746 turns).

gruber the Thaumaturge (Red Draconian Transmuter)  Turns: 18746, Time: 00:22:37

Health: -1/86      AC:  2    Str: 14    XL:     11   Next: 78%
Magic:  25/27      EV: 19    Int: 16    God:    Gozag
Gold:   807        SH:  0    Dex: 16    Spells: 25/35 levels left

rFire    . . .     SeeInvis .     - Unarmed
rCold    . . .     Gourm    .   (shield currently unavailable)
rNeg     . . .     Faith    .   (armour unavailable)
rPois    x         Spirit   .   (helmet currently unavailable)
rElec    .         Reflect  .   (cloak currently unavailable)
rCorr    .         Harm     .   (gloves currently unavailable)
MR       +....                  (boots currently unavailable)
Stlth    +.........             (no amulet)
HPRegen  0.24/turn              d - ring of protection from magic
MPRegen  0.20/turn              e - +4 ring of slaying

@: spider-form
A: tiny, (breathe fire), unfitting armour, AC +7
a: End Transformation, Potion Petition, Call Merchant, Bribe Branch, Renounce
Religion


You were on level 12 of the Dungeon.
You worshipped Gozag.
Gozag was pleased with you.
You were not hungry.
You were a venomous arachnid creature.
You visited 2 branches of the dungeon, and saw 13 of its levels.

You collected 1978 gold pieces.
You spent 676 gold pieces at shops.
You paid 495 gold pieces to Gozag.

Inventory:

Missiles
 a - 169 arrows
 K - a stone (quivered)
Armour
 l - a +0 pair of gloves (melded)
 F - a +0 pair of boots (melded)
Jewellery
 d - a ring of protection from magic (left front leg)
 e - a +4 ring of slaying (right front leg)
 n - an uncursed ring of protection from cold
Wands
 w - a wand of iceblast (9)
 y - a wand of disintegration (16)
 D - a wand of paralysis (8)
Scrolls
 b - 8 scrolls of identify
 f - a scroll of noise {unknown}
 h - 5 scrolls of fog {unknown}
 m - a scroll of enchant weapon {unknown}
 o - a scroll of blinking {unknown}
 p - 3 scrolls of magic mapping {unknown}
 r - 2 scrolls of enchant armour {unknown}
 v - 3 scrolls of teleportation {unknown}
 A - 3 scrolls of remove curse {unknown}
 B - 3 scrolls of amnesia {unknown}
 C - 2 scrolls of fear {unknown}
 E - a scroll of immolation {unknown}
 J - a scroll of random uselessness {unknown}
Potions
 g - a potion of cancellation
 i - 4 potions of curing
 j - 3 potions of brilliance
 k - 4 potions of haste
 q - 3 potions of stabbing
 s - 2 potions of berserk rage
 t - 3 potions of flight
 u - a potion of magic
 x - a potion of lignification
 z - 2 potions of resistance
 G - a potion of ambrosia
 H - a potion of heal wounds
 I - a potion of might
Comestibles
 c - 20 rations


   Skills:
 - Level 5.0 Fighting
 - Level 1.7 Dodging
 - Level 7.2 Unarmed Combat
 * Level 12.5 Spellcasting
 - Level 10.2 Transmutations
 - Level 1.2 Ice Magic
 - Level 3.0 Poison Magic


You had 25 spell levels left.
You knew the following spells:

 Your Spells              Type           Power        Failure   Level  Hunger
a - Beastly Appendage     Tmut           #####.       1%          1    None
b - Sticks to Snakes      Tmut           #####...     1%          2    None
c - Spider Form           Tmut/Pois      ####......   6%          3    None
d - Ice Form              Ice/Tmut       ####....     19%         4    ##.....

Your spell library contained the following spells:

 Spells                   Type           Power        Failure   Level  Hunger
 Blade Hands              Tmut           #####.....   10%         5    ####...
 Animate Skeleton         Necr           N/A          19%         1    None
 Apportation              Tloc           ##....       19%         1    None
 Corona                   Hex            ##.....      19%         1    None
 Summon Small Mammal      Summ           ##..         19%         1    None
 Petrify                  Tmut/Erth      ####....     22%         4    ##.....
 Confusing Touch          Hex            ##......     43%         3    None
 Gell's Gravitas          Tloc           ##........   43%         3    None
 Yara's Violent Unravell  Hex/Tmut       ####......   45%         5    ####...
 Metabolic Englaciation   Hex/Ice        ##........   94%         5    ####...


Dungeon Overview and Level Annotations

Branches:
Dungeon (12/15)            Temple (1/1) D:7            Lair (0/6) D:11
    Orc (0/2) D:10

Altars:
Ashenzari
Cheibriados
Dithmenos
Elyvilon
Fedhas
Gozag
Hepliaklqana
Kikubaaqudgha
Makhleb
Nemelex Xobeh
Okawaru
Qazlal
Ru
Sif Muna
Trog
Uskayaw
Vehumet
Wu Jian
Xom
Yredelemnul
Zin
The Shining One

Shops:
D:5 =

Annotations:
D:12 Maurice


Innate Abilities, Weirdness & Mutations

((You can breathe blasts of fire.))
((Your fiery red scales are hard. (AC +7)))
You cannot fit into any form of body armour.
((Your flesh is heat resistant. (rF+)))
((You are cold-blooded and may be slowed by cold attacks.))


Message History

* * * LOW HITPOINT WARNING * * *
The kobold demonologist misses you.
Unknown command.
You hit the kobold demonologist.
The kobold demonologist is almost dead.
The quasit barely misses you. x2; The quasit completely misses you.
The centaur shoots an arrow.
The arrow hits you!
* * * LOW HITPOINT WARNING * * *
x2 The shadow imp gestures at you.
You easily resist.
The sun demon misses you.
Unknown command.
You hit the quasit but do no damage.
The quasit bites you but does no damage.
The quasit barely misses you. The quasit misses you.
The kobold demonologist hits you but does no damage.
The centaur shoots an arrow.
The arrow closely misses you.
The arrow barely misses the quasit.
The shadow imp misses you. The sun demon hits you!
You die...
Your body crumbles into a pile of gold.

#.# #........#
######'#### #.>......#
..##......# #........#
#T$K......# #......>.#
####K.....####........#
#......##.'........#
#......'..#..c.....#
#.T....####.5..>...#
#......# #.Ks.....#
#......# #.35.....#
#..<...# #........#
######## #..(.(...#
##########


You could see a sun demon (summoned), a kobold demonologist (extremely
poisoned), a centaur, a quasit (summoned) and a shadow imp (summoned).

Vanquished Creatures
  3 two-headed ogres
  An unseen horror (D:11)
  Pikel (D:7)
  An ugly thing (D:11)
  A centaur zombie (D:11)
  Maggie (D:9)
  A gargoyle (D:12)
  A kobold demonologist (D:11)
  A troll (D:8)
  Prince Ribbit (D:8)
  A shadow (D:12)
  15 yaks
  A wyvern (D:9)
  A vampire (D:12)
  A hungry ghost (D:10)
  2 orc warriors (D:11)
  Duvessa (D:5)
  4 sky beasts
  An ice beast (D:7)
  A slave (D:7)
  2 black bears
  A phantom (D:10)
  A necrophage (D:9)
  10 ogres
  3 centaurs
  4 crocodiles
  5 big kobolds
  14 bullfrogs
  Dowan (D:5)
  A wyvern skeleton (D:7)
  4 scorpions
  A troll zombie (D:10)
  5 wights (D:11)
  10 killer bees
  5 howler monkeys
  A bullfrog zombie (D:5)
  2 crimson imps
  4 orc priests
  A gnoll shaman (D:5)
  6 hounds
  A jelly (D:5)
  9 orc wizards
  3 iguanas
  3 bullfrog skeletons
  7 worker ants
  5 ogre zombies (D:10)
  3 hound skeletons
  3 gnolls (D:5)
  A worker ant zombie (D:10)
  10 adders
  2 shadow imps
  An ooze (D:2)
  3 adder skeletons (D:4)
  4 worms
  A dart slug (D:1)
  A leopard gecko (D:8)
  27 orcs
  2 ball pythons (D:2)
  7 bats
  3 giant cockroaches
  8 hobgoblins
  4 jackals (D:7)
  11 kobolds
  5 quokkas
  4 frilled lizards
  4 goblins
  A goblin skeleton (D:10)
  3 goblin zombies (D:10)
  A hobgoblin skeleton (D:10)
  3 hobgoblin zombies (D:10)
  A leopard gecko zombie (D:8)
  3 orc skeletons (D:10)
  13 orc zombies (D:10)
  A rat (D:1)
279 creatures vanquished.

Vanquished Creatures (collateral kills)
  4 yaks (D:11)
  2 centaurs (D:11)
  A troll zombie (D:10)
  A jelly (D:11)
  An ogre zombie (D:10)
  An orc (D:12)
  An orc zombie (D:10)
11 creatures vanquished.

Vanquished Creatures (others)
  2 orcs (D:7)
  19 fungi
  4 plants (D:11)
25 creatures vanquished.

Grand Total: 315 creatures vanquished

Notes
Turn   | Place    | Note
-------+----------+-------------------------------------------
     0 | D:1      | gruber the Draconian Transmuter began the quest for the
                  | Orb.
     0 | D:1      | Reached XP level 1. HP: 16/16 MP: 3/3
   482 | D:1      | Reached XP level 2. HP: 23/23 MP: 3/5
  1766 | D:2      | Reached XP level 3. HP: 27/28 MP: 4/6
  1770 | D:2      | Learned a level 2 spell: Sticks to Snakes
  1774 | D:2      | Learned a level 3 spell: Spider Form
  1800 | D:2      | Found a shimmering blue altar of Sif Muna.
  2361 | D:2      | Found a faded altar of an unknown god.
  2717 | D:3      | Reached skill level 1 in Poison Magic
  2717 | D:3      | Reached XP level 4. HP: 13/35 MP: 4/7
  3302 | D:3      | Reached XP level 5. HP: 34/40 MP: 8/8
  3574 | D:3      | Found a glowing golden altar of the Shining One.
  3639 | D:3      | Found an ornate altar of the Wu Jian Council.
  3642 | D:3      | Found a radiant altar of Vehumet.
  3645 | D:3      | Found a stormy altar of Qazlal.
  3976 | D:4      | Noticed an ogre
  3984 | D:4      | Killed an ogre
  3984 | D:4      | Reached XP level 6. HP: 29/52 MP: 5/9
  4376 | D:4      | You fall into a shaft and drop 1 floor!
  4376 | D:5      | Entered Level 5 of the Dungeon
  4413 | D:5      | Reached skill level 5 in Fighting
  4988 | D:5      | Your scales start taking on a fiery red colour.
  4988 | D:5      | Reached XP level 7. HP: 58/61 MP: 6/10
  4988 | D:5      | Gained mutation: Your flesh is heat resistant. (rF+) [Red
                  | Draconian growth]
  5205 | D:5      | Found Watihupo's Jewellery Shoppe.
  5208 | D:5      | Bought a cursed amulet of inaccuracy for 26 gold pieces
  5235 | D:5      | Found a burning altar of Makhleb.
  5235 | D:5      | Found a glowing silver altar of Zin.
  5236 | D:5      | Noticed an angel
  5236 | D:5      | Noticed a balrug
  5381 | D:5      | Noticed Duvessa
  5392 | D:5      | Noticed Dowan
  5407 | D:5      | Killed Duvessa
  5407 | D:5      | Reached skill level 5 in Unarmed Combat
  5564 | D:5      | Killed Dowan
  5902 | D:5      | Noticed a shadow
  5903 | D:5      | Found a shadowy altar of Dithmenos.
  5904 | D:5      | Found a hazy altar of Hepliaklqana.
  6681 | D:6      | Found an ancient bone altar of Kikubaaqudgha.
  6728 | D:6      | Reached XP level 8. HP: 68/68 MP: 7/11
  7062 | D:6      | Reached skill level 3 in Spellcasting
  7509 | D:7      | Found a staircase to the Ecumenical Temple.
  7535 | D:7      | Reached skill level 4 in Spellcasting
  7621 | Temple   | Entered the Ecumenical Temple
  7668 | Temple   | Became a worshipper of Gozag Ym Sagoz the Greedy
  7788 | D:7      | Reached skill level 5 in Spellcasting
  8294 | D:7      | Reached skill level 6 in Spellcasting
  8296 | D:7      | HP: 3/68 [centaur (9)]
  8613 | D:7      | Found a sparkling altar of Nemelex Xobeh.
  8847 | D:7      | Noticed Pikel
  8862 | D:7      | Killed Pikel
  8862 | D:7      | Reached skill level 7 in Spellcasting
  8862 | D:7      | Reached XP level 9. HP: 53/74 MP: 10/20
  9113 | D:7      | Reached skill level 8 in Spellcasting
  9731 | D:8      | Found a snail-covered altar of Cheibriados.
  9765 | D:8      | Found a hide-covered altar of Uskayaw.
  9801 | D:8      | Noticed a troll
  9810 | D:8      | Killed a troll
  9810 | D:8      | Reached skill level 9 in Spellcasting
 10338 | D:8      | Reached skill level 5 in Transmutations
 10784 | D:8      | Noticed Prince Ribbit
 10797 | D:8      | Killed Prince Ribbit
 11303 | D:9      | Noticed a two-headed ogre
 11317 | D:9      | Killed a two-headed ogre
 11317 | D:9      | Reached XP level 10. HP: 64/81 MP: 23/23
 11448 | D:9      | Learned a level 4 spell: Ice Form
 11604 | D:9      | Noticed Maggie
 11621 | D:9      | Killed Maggie
 12638 | D:10     | Entered Level 10 of the Dungeon
 13063 | D:10     | Found a staircase to the Orcish Mines.
 13107 | D:10     | Reached skill level 1 in Ice Magic
 13502 | D:10     | Noticed a two-headed ogre
 13523 | D:10     | Killed a two-headed ogre
 13523 | D:10     | Reached skill level 10 in Transmutations
 14887 | D:11     | Reached XP level 11. HP: 45/86 MP: 21/24
 14920 | D:11     | Reached skill level 10 in Spellcasting
 15314 | D:11     | Noticed a two-headed ogre
 15351 | D:11     | Killed a two-headed ogre
 15836 | D:11     | Found a staircase to the Lair.
 15881 | D:11     | Reached skill level 11 in Spellcasting
 17098 | D:11     | Killed an unseen horror
 17391 | D:11     | Noticed a cyan ugly thing
 17407 | D:11     | Killed a cyan ugly thing
 18041 | D:12     | Reached skill level 12 in Spellcasting
 18128 | D:12     | Noticed a purple ugly thing
 18232 | D:11     | Bought a ration for 65 gold pieces
 18232 | D:11     | Bought a ration for 65 gold pieces
 18232 | D:11     | Bought a ration for 65 gold pieces
 18232 | D:11     | Bought a ration for 65 gold pieces
 18232 | D:11     | Bought a ration for 65 gold pieces
 18232 | D:11     | Bought a ration for 65 gold pieces
 18232 | D:11     | Bought a ration for 65 gold pieces
 18232 | D:11     | Bought a ration for 65 gold pieces
 18232 | D:11     | Bought a ration for 65 gold pieces
 18232 | D:11     | Bought a ration for 65 gold pieces
 18427 | D:12     | Noticed Maurice
 18616 | D:12     | Noticed a soul eater
 18744 | D:12     | Noticed a sun demon
 18746 | D:12     | Slain by a sun demon

Illustrated notes

Levels and vault maps discovered:
D:1:      dpeg_arrival_round_b, layout_basic
D:2:      layout_basic, chequers_ecumenical_altar_grove, led_sif_pool
D:3:      layout_rooms, nicolae_tso_swordbearing_angel,
          grunt_temple_overflow_diamond, minmay_misc_feat_rows,
          serial_bayou_pond_a, st_stairs_1
D:4:      layout_rooms
D:5:      layout_gridville, grunt_temple_overflow_order_and_chaos_2,
          riverfiend_overflow_shadow_ancestor, first_ration, serial_shops,
          kennysheep_mini_moat, uniq_duvessa
D:6:      layout_cave_pools, old_standard_altar
D:7:      layout_gridville, overflow_temple_1_default,
          minmay_temple_entry_arrows, uniq_pikel
D:8:      old_forge, layout_basic, grunt_temple_overflow_open,
          uniq_prince_ribbit1
D:9:      layout_grid_maze, uniq_maggie
D:10:     layout_loops_ring, zombieorc2_lemuel, serial_glass, glass_columns_b,
          glass_columns_b, minmay_strange_pillars, feat_on_display,
          due_unseen_surprise, minmay_strange_pillars
D:11:     layout_loops_corners, grunt_lair_entry_orc_guard_hut
D:12:     layout_roguey, ebering_ghost_xom, uniq_maurice
Temple:   cyrus_temple_forest

Skill      XL: |  1  2  3  4  5  6  7  8  9 10 11 |
---------------+----------------------------------+-----
Transmutations | 3 4 7 10 | 10.2
Poison Magic   | 1 3 |  3.0
Fighting       | 3 5 |  5.0
Unarmed Combat | 4 7 |  7.2
Spellcasting   | 7 9 12 | 12.5
Ice Magic      | 1 |  1.2
Dodging        | |  1.7

Action                   |  1- 3 |  4- 6 |  7- 9 | 10-12 || total
-------------------------+-------+-------+-------+-------++-------
Melee: Unarmed           |   109 |   148 |   261 |   476 ||   994
       Tailslap          |    14 |     9 |     3 |    25 ||    51
       Kick              |     5 |    10 |       |    10 ||    25
       Headbutt          |     7 |     3 |       |     7 ||    17
       Punch             |     1 |     1 |     1 |     5 ||     8
 Cast: Beastly Appendage |    21 |     7 |       |     8 ||    36
       Spider Form       |     3 |    11 |    46 |    36 ||    96
       Sticks to Snakes  |       |       |     3 |    34 ||    37
       Ice Form          |       |       |       |     8 ||     8
Invok: Call Merchant     |       |       |       |     1 ||     1
 Abil: Breathe Fire      |       |       |     1 |       ||     1
  Use: Scroll            |       |       |       |    13 ||    13
 Stab: Sleeping          |       |       |     1 |       ||     1
       Distracted        |       |       |       |     4 ||     4
  Eat: Chunk             |     3 |     9 |    10 |       ||    22
       Ration            |     1 |       |     4 |     8 ||    13
Armor: Skin              |    33 |    24 |    20 |    77 ||   154
Dodge: Dodged            |    68 |   102 |   178 |   269 ||   617

Table legend:
 A = Non-vault XP
 B = Vault XP
 C = Vault XP percentage of total XP
 D = Non-vault monster count
 E = Vault monster count
 F = Vault count percentage of total count
                 A         B        C        D         E       F
            +---------+---------+-------+---------+---------+-------
      Total |   16606 |    2918 |  14.9 |     232 |      57 |  19.7
            +---------+---------+-------+---------+---------+-------
        D:1 |      26 |       0 |   0.0 |      14 |       0 |   0.0
        D:2 |      49 |       0 |   0.0 |      14 |       0 |   0.0
        D:3 |     129 |       7 |   5.1 |      11 |       3 |  21.4
        D:4 |     379 |       0 |   0.0 |      17 |       0 |   0.0
        D:5 |     416 |     214 |  34.0 |      20 |       2 |   9.1
        D:6 |     538 |       0 |   0.0 |      13 |       0 |   0.0
        D:7 |    1247 |     585 |  31.9 |      27 |       1 |   3.6
        D:8 |     870 |     430 |  33.1 |      10 |       8 |  44.4
        D:9 |    2187 |     415 |  15.9 |      20 |       1 |   4.8
       D:10 |    1445 |     612 |  29.8 |      12 |      36 |  75.0
       D:11 |    7633 |     655 |   7.9 |      58 |       6 |   9.4
       D:12 |    1687 |       0 |   0.0 |      16 |       0 |   0.0
            +---------+---------+-------+---------+---------+-------
